 Dungeon Crawl Stone Soup version 0.20-a0-1085-g627af9b (webtiles) character file.

5999 AlphabetPasta the Frost Mage (level 10, -3/74 HPs)
             Began as a Gnoll Ice Elementalist on Apr 30, 2017.
             Was a Believer of Sif Muna.
             Slain by a troll (9 damage)
             ... on level 9 of the Dungeon.
             The game lasted 00:56:30 (11644 turns).

AlphabetPasta the Frost Mage (GnIE)                Turns: 11644, Time: 00:56:30

Health: -3/74      AC:  6    Str:  7    XL:     10   Next: 85%
Magic:  0/23       EV: 15    Int: 19    God:    Sif Muna [**....]
Gold:   342        SH:  5    Dex: 15    Spells: 8/27 levels left

rFire    + . .     SeeInvis .   b - +1 dagger (holy)
rCold    x . .     Gourm    .   (no shield)
rNeg     . . .     Faith    .   r - +1 robe
rPois    +         Spirit   .   (no helmet)
rElec    +         Reflect  +   (no cloak)
rCorr    .         Harm     .   (no gloves)
MR       +....                  E - +2 pair of boots of Youthful Indiscretion {rElec rPois rC-}
Stlth    ++........             d - +5 amulet of reflection
Regen    0.3/turn               m - ring of protection from fire
MPRegen  0.2/turn               A - ring of protection from magic

@: lethally poisoned (-3 -> -6)
A: short attention span, fangs 1, strong nose
a: Divine Energy, Renounce Religion


You were on level 9 of the Dungeon.
You worshipped Sif Muna.
Sif Muna was pleased with you.
You were not hungry.

You visited 2 branches of the dungeon, and saw 10 of its levels.
You also visited: Ossuary.

You collected 489 gold pieces.
You spent 147 gold pieces at shops.

Inventory:

Hand Weapons
 a - a +2 flail of protection
 b - a +1 dagger of holy wrath (weapon)
 e - a +0 club
 l - a +0 mace
Armour
 r - a +1 robe (worn)
 w - a +0 shield
 E - the +2 pair of boots of Youthful Indiscretion (worn) {rElec rPois rC-}
   (You acquired it on level 8 of the Dungeon)

   It makes you vulnerable to cold.
   It insulates you from electricity.
   It protects you from poison.
Jewellery
 d - a +5 amulet of reflection (around neck)
 g - an uncursed amulet of the gourmand {unknown}
 m - a ring of protection from fire (left hand)
 A - a ring of protection from magic (right hand)
 D - an uncursed ring of resist corrosion
Wands
 h - a wand of random effects (26/48)
 x - a wand of polymorph (0/24)
 y - a wand of iceblast (7/15)
 C - a wand of polymorph (9/24)
 M - a wand of confusion (28/48)
 P - a wand of polymorph (15/24)
Scrolls
 q - 6 scrolls of amnesia
 s - 3 scrolls of fog
 u - 4 scrolls of teleportation
 F - 2 scrolls of enchant armour
 H - a scroll of recharging
 K - a scroll of remove curse
 L - a scroll of magic mapping
 N - a scroll of enchant weapon
 Q - a scroll of summoning
Potions
 f - a potion of ambrosia {unknown}
 i - 7 potions of curing
 j - a potion of resistance
 n - 3 potions of agility
 o - 2 potions of brilliance {unknown}
 p - 4 potions of heal wounds
 t - a potion of cancellation {unknown}
 z - 3 potions of flight
 I - a potion of invisibility
 J - a potion of magic
Books
 v - a book of Frost

   Spells                             Type                      Level
   a - Freeze                         Ice                          1
   b - Throw Frost                    Conjuration/Ice              2
   c - Ozocubu's Armour               Charms/Ice                   3
   d - Throw Icicle                   Conjuration/Ice              4
   e - Summon Ice Beast               Ice/Summoning                4
 B - a book of Geomancy

   Spells                             Type                      Level
   a - Sandblast                      Earth                        1
   b - Passwall                       Transmutation/Earth          2
   c - Stone Arrow                    Conjuration/Earth            3
   d - Petrify                        Transmutation/Earth          4
   e - Lee's Rapid Deconstruction     Earth                        5
Comestibles
 c - 9 bread rations
 k - 4 royal jellies
 G - 2 chunks of flesh
 O - a meat ration


   Skills:
 + Level 5.2 Fighting
 - Level 5.1 Dodging
 - Level 2.6 Stealth
 + Level 4.0 Shields
 + Level 9.2 Spellcasting
 + Level 7.5 Conjurations
 - Level 7.0 Charms
 + Level 6.2 Summonings
 * Level 9.7 Ice Magic
 + Level 3.8 Earth Magic
 * Level 6.0 Invocations
 - Level 4.1 Evocations


You had 8 spell levels left.
You knew the following spells:

 Your Spells              Type           Power        Failure   Level  Hunger
a - Freeze                Ice            ####         1%          1    None
b - Throw Frost           Conj/Ice       #####.       1%          2    None
c - Ozocubu's Armour      Chrm/Ice       #####...     1%          3    None
d - Throw Icicle          Conj/Ice       #####...     2%          4    ###....
e - Summon Ice Beast      Ice/Summ       #####...     3%          4    ###....
f - Stone Arrow           Conj/Erth      ####..       2%          3    None
g - Passwall              Tmut/Erth      ###.......   5%          2    None


Dungeon Overview and Level Annotations

Branches:
Dungeon (9/15)             Temple (1/1) D:4
   Lair: D:8-11         Orc: D:9-12

Altars:
Ashenzari
Dithmenos
Elyvilon
Fedhas
Gozag
Hepliaklqana
Makhleb
Nemelex Xobeh
Okawaru
Qazlal
Ru
Sif Muna
Trog
Uskayaw
Vehumet
Wu Jian
Xom
Yredelemnul
Zin
The Shining One
Lugonu

Shops:
D:6 *   D:8 *

Annotations:
D:8 Ryco's ghost, novice MiFi


Innate Abilities, Weirdness & Mutations

You have a short attention span.
You have very sharp teeth.
Your uncanny sense of smell can sniff out nearby items.


Message History

The troll claws you!
Casting: Throw Icicle
Confirm with . or Enter, or press ? or * to list all spells.
Aiming: Throw Icicle
Press: ? - help, Shift-Dir - straight line, f/p - troll
Aim: a troll (lightly wounded)
The shard of ice hits the troll.
The troll is heavily wounded.
The troll completely misses you. The troll closely misses you.
The troll claws you!
* * * LOW HITPOINT WARNING * * *
Casting: Throw Icicle
Confirm with . or Enter, or press ? or * to list all spells.
Aiming: Throw Icicle
Press: ? - help, Shift-Dir - straight line, f/p - troll
Aim: a troll (heavily wounded)
The shard of ice misses the troll.
You feel sick. The troll bites you!
* * * LOW HITPOINT WARNING * * *
The troll claws you!
You die...

..............
.............
............
...........
#.........
#......#
#......##
#<......#
#.##@##.#
#.##T# #.##.#
..##.# ..##.#
.......
...#... ..#


You could see a troll.

Vanquished Creatures
  A two-headed ogre (D:8)
  Sigmund (D:2)
  The ghost of Raine357 the Chiller, an amateur BaIE (D:3)
  An ice beast (D:5)
  A phantom (D:5)
  A black bear (D:6)
  2 necrophages
  6 ogres
  A crocodile (D:7)
  3 elf zombies (Ossuary)
  4 bullfrogs
  A big kobold (D:7)
  2 scorpions
  A water moccasin skeleton (D:4)
  3 wights (D:8)
  11 killer bees
  2 howler monkeys
  4 crimson imps
  5 centaur zombies
  A bullfrog zombie (D:6)
  2 quasits
  A hound (D:8)
  A jelly (D:8)
  9 orc wizards
  2 orc priests
  2 bullfrog skeletons
  Natasha (thrice) (D:3)
  2 iguanas
  6 worker ants
  A mummy (Ossuary)
  10 gnolls
  A howler monkey skeleton (D:5)
  11 adders
  2 oozes
  An adder skeleton (D:5)
  An adder zombie (D:6)
  4 worms
  3 dart slugs
  5 leopard geckos
  23 orcs
  9 bats
  8 giant cockroaches
  5 goblins
  5 hobgoblins
  4 jackals
  11 kobolds
  4 quokkas
  4 frilled lizards
  5 rats
197 creatures vanquished.

Vanquished Creatures (collateral kills)
  A two-headed ogre (D:8)
  The ghost of AlphabetPasta the Covered, a novice BaWn of Jiyva (D:6)
  The ghost of thesun the Chopper, an amateur HOFi (D:4)
  A human (D:8)
  4 hogs (D:8)
  An ice beast (D:6)
  5 wights (D:8)
  4 centaur zombies
  2 human zombies (Ossuary)
  3 orc wizards
  A hound skeleton (D:6)
  2 mummies (Ossuary)
  An orc (D:4)
27 creatures vanquished.

Grand Total: 224 creatures vanquished

Notes
Turn   | Place    | Note
-------+----------+-------------------------------------------
     0 | D:1      | AlphabetPasta the Gnoll Ice Elementalist began the quest for the Orb.
     0 | D:1      | Reached XP level 1. HP: 13/13 MP: 4/4
   128 | D:1      | Reached XP level 2. HP: 19/19 MP: 1/6
   132 | D:1      | Learned a level 2 spell: Throw Frost
   155 | D:1      | Reached skill level 5 in Ice Magic
   386 | D:1      | Reached XP level 3. HP: 24/24 MP: 6/8
   394 | D:1      | Learned a level 3 spell: Ozocubu's Armour
   955 | D:2      | Learned a level 3 spell: Ozocubu's Armour
  1019 | D:2      | Reached skill level 1 in Charms
  1255 | D:2      | Reached XP level 4. HP: 17/30 MP: 3/10
  1514 | D:2      | Noticed Sigmund
  1650 | D:2      | Found an opulent altar of Gozag.
  1775 | D:3      | Reached XP level 5. HP: 17/35 MP: 2/12
  2006 | D:3      | Noticed Natasha
  2011 | D:3      | Killed Natasha
  2011 | D:3      | Reached skill level 5 in Spellcasting
  2017 | D:3      | Learned a level 4 spell: Throw Icicle
  2067 | D:3      | Noticed Raine357's ghost (amateur BaIE)
  2094 | D:3      | Noticed Natasha
  2102 | D:3      | Killed Natasha
  2407 | D:3      | Noticed Natasha
  2415 | D:3      | Killed Natasha
  2775 | D:3      | Killed Raine357's ghost
  2775 | D:3      | Reached XP level 6. HP: 19/41 MP: 9/15
  2781 | D:3      | Learned a level 4 spell: Summon Ice Beast
  3392 | D:4      | Reached skill level 1 in Fighting
  3392 | D:4      | Reached skill level 1 in Summonings
  3392 | D:4      | Reached XP level 7. HP: 48/48 MP: 6/17
  3461 | D:4      | Found a staircase to the Ecumenical Temple.
  3474 | Temple   | Entered the Ecumenical Temple
  3691 | D:4      | Noticed thesun's ghost (amateur HOFi)
  3766 | D:4      | Found a sparkling altar of Nemelex Xobeh.
  4191 | D:4      | Found a hazy altar of Hepliaklqana.
  4900 | D:5      | Entered Level 5 of the Dungeon
  4911 | D:4      | Reached XP level 8. HP: 41/57 MP: 13/19
  5048 | D:5      | Reached skill level 1 in Shields
  5171 | D:5      | Found a radiant altar of Vehumet.
  5178 | D:5      | Found an iron altar of Okawaru.
  5505 | D:5      | Found a glowing silver altar of Zin.
  5681 | D:5      | Reached skill level 5 in Conjurations
  6079 | D:5      | Reached skill level 5 in Charms
  6290 | D:6      | Noticed AlphabetPasta's ghost (novice BaWn)
  6344 | D:6      | Killed AlphabetPasta's ghost
  6344 | D:6      | Reached XP level 9. HP: 16/66 MP: 0/21
  6796 | D:6      | Found a glowing golden altar of the Shining One.
  6916 | D:6      | Found a shattered altar of Ashenzari.
  6952 | D:6      | Found a stormy altar of Qazlal.
  7113 | D:6      | Found a burning altar of Makhleb.
  7125 | D:6      | Reached skill level 1 in Evocations
  7263 | D:6      | Found Cisoz's Assorted Antiques.
  8319 | D:7      | Learned a level 3 spell: Stone Arrow
  8648 | D:7      | Reached skill level 1 in Earth Magic
  8756 | D:7      | Found a deep blue altar of Sif Muna.
  8762 | D:7      | Became a worshipper of Sif Muna the Loreminder
  9010 | D:8      | Found a glowing golden altar of the Shining One.
  9035 | D:8      | Found a hide-covered altar of Uskayaw.
  9043 | D:8      | Noticed Ryco's ghost (novice MiFi)
  9114 | D:7      | Reached skill level 1 in Invocations
  9186 | D:8      | Found Jear Rotu's Assorted Antiques.
  9196 | D:8      | Bought 2 scrolls labeled COHUTE JAPP for 60 gold pieces
  9196 | D:8      | Bought a scroll labeled YSUIMNUNUT for 30 gold pieces
  9196 | D:8      | Bought a scroll labeled CIRPHI QULAE for 30 gold pieces
  9196 | D:8      | Bought a blue potion for 27 gold pieces
  9199 | D:8      | Got a pair of bloodstained boots
  9205 | D:8      | Identified the +2 pair of boots of Youthful Indiscretion {rElec rPois rC-} (You acquired it on level 8 of the Dungeon)
  9288 | D:8      | Found an ornate altar of the Wu Jian Council.
  9316 | D:8      | Reached skill level 5 in Summonings
  9332 | D:8      | Reached skill level 5 in Fighting
  9387 | D:8      | Found a sand-covered staircase.
  9392 | D:8      | Reached XP level 10. HP: 46/74 MP: 7/22
  9476 | Ossuary  | Entered an ossuary
  9615 | Ossuary  | Reached * piety under Sif Muna
 10254 | D:8      | Found a shadowy altar of Dithmenos.
 10294 | D:8      | Noticed a two-headed ogre
 10298 | D:8      | Killed a two-headed ogre
 10298 | D:8      | Reached skill level 5 in Invocations
 10554 | D:8      | Noticed a two-headed ogre
 10561 | D:8      | Killed a two-headed ogre
 10984 | D:8      | Reached ** piety under Sif Muna
 11358 | D:4      | Killed thesun's ghost
 11451 | D:2      | Killed Sigmund
 11451 | D:2      | Reached skill level 5 in Dodging
 11626 | D:9      | Learned a level 2 spell: Passwall
 11644 | D:9      | Slain by a troll

Vault maps used:
D:1:      onia_arrival_mini_spirals
D:2:      cheibrodos_old_hovel, nicolae_gozag_cash_rules_everything_around_me,
          minmay_pentomino_o4, uniq_sigmund
D:3:      minmay_statues_item, mrwooster_statue_mirror, uniq_natasha
D:4:      lemuel_doored_altar, nemelex_xobeh_ov_fountains_minmay,
          minmay_temple_entry_purple_smoke
D:5:      kennysheep_mini, amethyst_overflow_temple_binary, first_bread
D:6:      evilmike_ruin_ashenzari, grunt_qazlal_clouds,
          makhleb_blood_cavern_becter, serial_shops, kennysheep_little_box,
          serial_glass, glass_columns_b, glass_columns_c, glass_columns_b,
          glass_columns_a, glass_columns_c, glass_columns_c,
          minmay_strange_pillars, minmay_strange_pillars,
          minmay_misc_feat_nine_boxes, nicolae_tso_swordbearing_angel
D:7:      lemuel_crystal_altar, minmay_a_box_with_orc_wizards_in_it
D:8:      lemuel_crystal_altar, eat_drink_and_be_merry_uskayaw,
          old_standard_altar, lemuel_round_altar, serial_shops,
          nicolae_shop_temple_entry_statues_fountains,
          nicolae_ossuary_entry_monument, grunt_livestock
D:9:      kiku_gazebo_garden_becter, old_standard_altar, solitary_fountain
Temple:   corrupted_temple
Ossuary:  ossuary_minmay_four_chambers

Skill      XL: |  1  2  3  4  5  6  7  8  9 10 |
---------------+-------------------------------+-----
Ice Magic      | 5 6 7 8 9 |  9.7
Conjurations   | 2 3 4 5 6 7 |  7.5
Charms         | 1 3 4 5 6 7 |  7.0
Spellcasting   | 4 6 7 8 9 |  9.2
Fighting       | 1 2 4 5 |  5.2
Summonings     | 1 3 4 5 6 |  6.2
Shields        | 3 4 |  4.0
Evocations     | 2 4 |  4.1
Earth Magic    | 1 3 |  3.8
Invocations    | 3 6 |  6.0
Dodging        | 4 5 |  5.1
Stealth        | |  2.6

Action                   |  1- 3 |  4- 6 |  7- 9 | 10-12 || total
-------------------------+-------+-------+-------+-------++-------
Melee: Mace              |     1 |       |       |       ||     1
       Flail             |       |    22 |    30 |    11 ||    63
       Bite              |       |     2 |     3 |    10 ||    15
       Dagger            |       |       |    63 |    78 ||   141
 Cast: Freeze            |    49 |    61 |   200 |    40 ||   350
       Throw Frost       |     3 |     7 |    41 |     4 ||    55
       Throw Icicle      |       |     2 |    13 |    16 ||    31
       Summon Ice Beast  |       |       |    16 |    19 ||    35
       Ozocubu's Armour  |       |       |     1 |     2 ||     3
Evoke: Wand              |       |       |     8 |       ||     8
  Use: Scroll            |     4 |     6 |    12 |     4 ||    26
       Potion            |       |     1 |     2 |       ||     3
 Stab: Sleeping          |     1 |     4 |     5 |     1 ||    11
       Distracted        |       |       |     2 |     2 ||     4
  Eat: Chunk             |     1 |     7 |    16 |     6 ||    30
       Fruit             |       |       |     4 |     2 ||     6
       Royal jelly       |       |       |     1 |     1 ||     2
Armor: Robe              |     5 |    10 |    56 |    16 ||    87
Dodge: Dodged            |    18 |    30 |   181 |    75 ||   304
Block: Other             |       |    15 |    57 |    23 ||    95
       Reflection        |       |       |     2 |       ||     2
